 Dungeon Crawl Stone Soup version 0.18.1-6-gd335043 (webtiles) character file.

126 NoLuckNoSkill the Cudgeler (level 4, -8/37 HPs)
             Began as a Demonspawn Chaos Knight on May 18, 2016.
             Mangled by a porcupine (13 damage)
             ... on level 3 of the Dungeon.
             The game lasted 00:02:48 (1836 turns).

NoLuckNoSkill the Cudgeler (DsCK)                   Turns: 1836, Time: 00:02:49

Health: -8/37      AC:  5    Str: 13    XL:     4   Next: 83%
Magic:  4/4        EV: 11    Int: 19    God:    Xom [..*...]
Gold:   60         SH:  0    Dex: 12    Spells: 0 memorised, 3 levels left

rFire  . . .     SeeInvis .     a - +0 mace (chaos)
rCold  . . .     Gourm    .     b - +2 leather armour
rNeg   . . .     Faith    .     (no shield)
rPois  .         Spirit   .     (no helmet)
rElec  .         Dismiss  .     (no cloak)
rCorr  .         Reflect  .     (no gloves)
SustAt +         Harm     .     (no boots)
MR     .....                    (no amulet)
Stlth  ++........               (no ring)
                                q - ring of sustain attributes

@: brilliant, flying, not resistant to hostile enchantments, unstealthy
A: claws 1, nightstalker 1
a: Renounce Religion


You were on level 3 of the Dungeon.
You worshipped Xom.
You were a toy of Xom.
You were not hungry.

You visited 1 branch of the dungeon, and saw 3 of its levels.

You collected 60 gold pieces.

Inventory:

Hand Weapons
 a - a +0 mace of chaos (weapon)
Armour
 b - a +2 leather armour (worn)
Jewellery
 q - a ring of sustain attributes (left claw)
Scrolls
 d - 3 scrolls of identify {unknown}
 e - 4 scrolls of amnesia {unknown}
 f - 2 scrolls of remove curse {unknown}
 h - a scroll of enchant armour {unknown}
 i - 4 scrolls of random uselessness {unknown}
 j - a scroll of immolation {unknown}
 k - 2 scrolls of blinking {unknown}
 m - 2 scrolls of enchant weapon {unknown}
 p - 2 scrolls of magic mapping {unknown}
 w - 3 scrolls of teleportation {unknown}
Potions
 n - 2 potions of curing {unknown}
 o - a potion of cure mutation {unknown}
 s - a potion of heal wounds {unknown}
 t - a potion of agility {unknown}
 v - a potion of cancellation {unknown}
Comestibles
 c - 2 bread rations
 r - a chunk of flesh
 u - a royal jelly
 x - a slice of pizza


   Skills:
 + Level 4.2 Fighting
 * Level 4.3 Maces & Flails
 - Level 1.7 Armour
 - Level 0.8 Dodging


You had 3 spell levels left.
You didn't know any spells.

Dungeon Overview and Level Annotations

Branches:
Dungeon (3/15)

Altars:


Innate Abilities, Weirdness & Mutations

You have sharp fingernails.
You are slightly more attuned to the shadows.


Message History

* * * LOW HITPOINT WARNING * * *
You hit the porcupine but do no damage.
You heal the porcupine.
The porcupine is lightly wounded. x2
The porcupine misses you.
A jackal comes into view.
Unknown command.
Drink which item? (? for menu, Esc to quit)
It was a potion of flight.
You feel very buoyant.
You fly up into the air.
Xom is highly amused!
The jackal barks!
The porcupine completely misses you.
Drink which item? (? for menu, Esc to quit)
It was a potion of brilliance.
You feel clever all of a sudden.
Xom thinks this is hilarious!
The porcupine bites you!
You die...
Xom bursts into laughter!

#........?# ..
#.........#...
#.#.............
#.#.............
#..r............
#.....).......
#......<......
##............
#.r@.........
#...........#...
...###.######..
#.# #.. #. ##.
h# ..


You could see a porcupine, a jackal and a rat.

Vanquished Creatures
  6 adders
  A gnoll (D:1)
  2 worms (D:2)
  A dart slug (D:2)
  4 giant geckos
  2 giant cockroaches
  3 goblins (D:1)
  8 hobgoblins
  3 jackals (D:1)
  2 ball pythons
  10 bats
  A giant newt (D:1)
  4 kobolds (D:1)
  3 rats
50 creatures vanquished.

Notes
Turn   | Place    | Note
--------------------------------------------------------------
     0 | D:1      | NoLuckNoSkill the Demonspawn Chaos Knight began the quest for the Orb.
     0 | D:1      | Reached XP level 1. HP: 18/18 MP: 1/1
    73 | D:1      | XOM: potion effect (berserk rage)
   125 | D:1      | Gained mutation: You are slightly more attuned to the shadows. [demonic ancestry]
   125 | D:1      | Reached XP level 2. HP: 18/24 MP: 2/2
   290 | D:1      | XOM: divination: detect items
   309 | D:1      | HP: 1/24 [giant gecko (1)]
   420 | D:1      | XOM: silly message
   451 | D:1      | XOM: harmless Trmt miscast
   496 | D:1      | XOM: silly message
   771 | D:1      | XOM: divination: detect creatures
   780 | D:1      | Reached XP level 3. HP: 28/29 MP: 3/3
  1153 | D:2      | XOM: mild Hex miscast
  1398 | D:2      | Gained mutation: You have sharp fingernails. [demonic ancestry]
  1398 | D:2      | Reached XP level 4. HP: 33/37 MP: 4/4
  1526 | D:2      | XOM: harmless Tloc miscast
  1721 | D:2      | XOM: silly message
  1826 | D:3      | Noticed a giant frog
  1833 | D:3      | Noticed a porcupine
  1833 | D:3      | a giant frog changed into a porcupine
  1836 | D:3      | Mangled by a porcupine

Skill      XL: |  1  2  3  4 |
---------------+-------------+-----
Maces & Flails | 3 4 |  4.3
Fighting       | 4 |  4.2
Armour         | |  1.7
Dodging        | |  0.8

Action                   |  1- 3 |  4- 6 || total
-------------------------+-------+-------++-------
Melee: Mace              |   110 |    64 ||   174
  Use: Potion            |       |     2 ||     2
 Stab: Distracted        |     1 |       ||     1
       Petrifying        |     2 |     1 ||     3
       Sleeping          |     1 |     7 ||     8
  Eat: Chunk             |     2 |     2 ||     4
Armor: Leather armour    |    62 |    16 ||    78
Dodge: Dodged            |   105 |    33 ||   138
